 Dungeon Sprint DCSS version 0.31-a0-744-gbc345e7fcb (webtiles) character file.

Game seed: 3531233599719533218

80083 rocky1 the Middleweight Champion (level 15, -36/147 (149) HPs)
             Began as a Merfolk Shapeshifter on Sept 14, 2023.
             Was an Initiate of Gozag.
             Killed from afar by an ancient lich (103 damage)
             ... with a crystal spear
             ... in the Dungeon (Sprint VII: "The Pits").
             The game lasted 00:42:13 (6101 turns).

rocky1 the Middleweight Champion (MfSh)             Turns: 6101, Time: 00:42:15

HP:   -36/147 (149) AC: 27    Str: 19    XL:     15   Next: 65%
MP:   31/31         EV: 13    Int: 19    God:    Gozag
Gold: 4738          SH:  0    Dex: 15    Spells: 32/38 levels left

rFire   . .          .
                       - Unarmed
rCold   + . .        (no shield)
rNeg    + . .        u - +7 chain mail "Gucvav" {rPois Will+ Int+6 SInv}
rPois   +            k - +1 helmet
rElec   +            p - +1 cloak
rCorr   +            z - +0 pair of gloves
SInv    +            b - +2 pair of boots "Atsyat" {Rampage rElec Stlth-}
Will    +++..        C - amulet of Vitality {RegenMP++ Regen++} Stlth
                     Z - ring of the Puckish Banana {rN+ Will+ rCorr Int+2 Slay+5}
HPRegen 2.04/turn    T - ring "Wesobros" {rC+ Slay+5}
MPRegen 1.02/turn

%: no teleportation, rampage
@: gold aura, studying 3 skills, lightly drained
A: (nimble swimmer 2), mertail
a: Renounce Religion, Potion Petition, Call Merchant, Bribe Branch


You were in the Dungeon.
You worshipped Gozag.
Gozag was most pleased with you.
You visited 1 branch You collected 17048 gold pieces.
You spent 5793 gold pieces at shops.
You paid 6517 gold pieces to Gozag.

Inventory:

Armour
 b - the +2 pair of boots "Atsyat" (worn) {Rampage rElec Stlth-}
   (You found it in the Dungeon)

   rElec:     It insulates you from electricity.
   Rampage:   It bestows one free step when moving towards enemies.
   Stlth-:    It makes you less stealthy.
 k - a +1 helmet (worn)
 p - a +1 cloak (worn)
 u - the +7 chain mail "Gucvav" (worn) {rPois Will+ Int+6 SInv}
   (You bought it in a shop in the Dungeon)

   Int+6:     It affects your intelligence (+6).
   rPois:     It protects you from poison Will+: It increases your willpower.
   SInv:      It lets you see invisible.
 z - a +0 pair of gloves (worn)
Jewellery
 C - the amulet of Vitality (around neck) {RegenMP++ Regen++}
   (You found it in the Dungeon)

   [amulet of magic regeneration]

   RegenMP:   It increases your rate of magic regeneration.
   Regen++:   It increases your rate of health regeneration.
 I - the ring of the Hare {EV+10}
   (You bought it in a shop in the Dungeon)

   [ring of evasion]

   EV+10:     It affects your evasion (+10).
 M - the ring of the Giraffatuar {EV+6 Str+4}
   (You found it in the Dungeon)

   [ring of evasion]

   EV+6:      It affects your evasion (+6).
   Str+4:     It affects your strength (+4).
 T - the ring "Wesobros" (right hand) {rC+ Slay+5}
   (You found it in the Dungeon)

   [ring of slaying]

   Slay+5:    It affects your accuracy & damage with ranged weapons and melee
   (+5).
   rC+:       It protects you from cold.
 Z - the ring of the Puckish Banana (left hand) {rN+ Will+ rCorr Int+2 Slay+5}
   (You found it in the Dungeon)

   [ring of slaying]

   Int+2:     It affects your intelligence (+2).
   Slay+5:    It affects your accuracy & damage with ranged weapons and melee
   (+5).
   rN+:       It protects you from negative energy.
   Will+:     It increases your willpower.
   rCorr:     It protects you from acid and corrosion.
Talismans
 c - a beast talisman
 d - a flux talisman
 J - a granite talisman
Wands
 v - a wand of mindburst (12)
 N - a wand of paralysis (11)
Scrolls
 l - 2 scrolls of vulnerability
 m - 5 scrolls of amnesia
 n - a scroll of summoning
 s - a scroll of immolation
 x - 2 scrolls of enchant armour
 y - 3 scrolls of identify
 A - a scroll of brand weapon
 D - 2 scrolls of fog
 G - 2 scrolls of enchant weapon
 H - 3 scrolls of fear
Potions
 e - 4 potions of curing
 f - 8 potions of heal wounds
 g - 9 potions of haste
 h - 9 potions of magic
 i - a potion of resistance
 o - a potion of enlightenment
 r - 5 potions of mutation
 B - a potion of lignification
 E - 2 potions of berserk rage
 F - 4 potions of brilliance
 O - a potion of might
 P - a potion of cancellation


   Skills:
 + Level 23.2 Fighting
 - Level 8.4 Armour
 - Level 12.7 Dodging
 O Level 27 Unarmed Combat
 + Level 12.3 Spellcasting
 + Level 11.6 Translocations
 - Level 9.1 Evocations
 + Level 22.7 Shapeshifting


You had 32 spell levels left.
You knew the following spells:

 Your Spells              Type           Power      Damage    Failure   Level
a - Manifold Assault      Tloc           54%        N/A       3%          4
b - Blink                 Tloc           100%       N/A       1%          2

Your spell library contained the following spells:

 Spells                   Type           Power      Damage    Failure   Level
 Lesser Beckoning         Tloc           100%       N/A       1%          2
 Momentum Strike          Conj/Tloc      66%        3d9       4%          2
 Volatile Blastmotes      Fire/Tloc      66%        2d15      10%         3
 Dimensional Bullseye     Hex/Tloc       16%        N/A       32%         4
 Iskenderun's Mystic Bla  Conj/Tloc      33%        2d8       32%         4
 Freeze                   Ice            44%        1d6       36%         1
 Magic Dart               Conj           44%        1d5       36%         1
 Dispersal                Tloc           27%        N/A       43%         6
 Jinxbite                 Hex            22%        N/A       50%         2
 Passwall                 Tmut/Erth      9%         N/A       50%         2
 Searing Ray              Conj           22%        2d5       50%         2
 Frozen Ramparts          Ice            22%        1d4       73%         3
 Hailstorm                Conj/Ice       11%        3d5       73%         3
 Ozocubu's Armour         Ice            11%        N/A       73%         3
 Sigil of Binding         Hex            11%        N/A       73%         3
 Stone Arrow              Conj/Erth      22%        3d8       73%         3
 Swiftness                Air            11%        N/A       73%         3
 Tukima's Dance           Hex            11%        N/A       73%         3
 Anguish                  Hex/Necr       5%         N/A       98%         4
 Animate Armour           Summ/Erth      22%        N/A       98%         4
 Cause Fear               Hex            5%         N/A       98%         4
 Fulminant Prism          Conj/Hex       5%         3d6       98%         4
 Summon Lightning Spire   Summ/Air       11%        N/A       98%         4
 Fireball                 Conj/Fire      5%         3d5       100%        5
 Lee's Rapid Deconstruct  Erth           5%         3d6*      100%        5
 Metabolic Englaciation   Hex/Ice        5%         N/A       100%        5
 Silence                  Hex/Air        5%         N/A       100%        5
 Summon Cactus Giant      Summ           5%         N/A       100%        6
 Enfeeble                 Hex            5%         N/A       100%        7
 Malign Gateway           Summ/Tloc      16%        N/A       100%        7
 Ozocubu's Refrigeration  Ice            5%         4d8       100%        7
 Disjunction              Tloc           27%        N/A       100%        8
 Lehudib's Crystal Spear  Conj/Erth      5%         10d3      100%        8
 Chain Lightning          Conj/Air       5%         3d7       100%        9
 Dragon's Call            Summ           5%         N/A       100%        9
 Fire Storm               Conj/Fire      5%         8d2       100%        9
 Shatter                  Erth           5%         3d8*      100%        9


Dungeon Overview and Level Annotations

Branches:
Dungeon (1/1)

Altars:
Ashenzari
Cheibriados
Dithmenos
Elyvilon
Fedhas
Gozag
Hepliaklqana
Kikubaaqudgha
Makhleb
Nemelex Xobeh
Okawaru
Qazlal
Ru
Sif Muna
Trog
Uskayaw
Vehumet
Wu Jian
Xom
Yredelemnul
Zin
The Shining One
Jiyva
Lugonu

Shops:
D *=*?


Innate Abilities, Weirdness & Mutations

((You are very nimble when in or above water. (Stealth+, EV+, Speed+++)))
Your lower body shifts to a powerful aquatic tail in water.


Message History

a +0 halberd; a +0 mace Which direction?
You close the door.
The lich is no longer distracted by gold.
The lich is distracted by your dazzling golden aura.
The ancient lich casts a spell.
The ancient lich flickers and vanishes for a moment.
The lich shouts!
You rampage towards the lich!
You barely miss the lich. You punch the lich!
The lich is moderately damaged.
You pummel the lich!! You punch the lich.
The lich is heavily damaged.
The lich touches you but does no damage.
You closely miss the lich.
The lich is heavily damaged.
You pummel the lich!!
The lich is severely damaged.
The lich touches you but does no damage.
You hit the lich.
The lich is almost destroyed.
You pummel the lich!!
You destroy the lich!
The lich is no longer distracted by gold.
Things that are here:
a +0 halberd; a +0 mace You close the door, pushing everything out of the way.
You open the door.
A lich breaks down the door.
The ancient lich gestures wildly while chanting.
The ancient lich seems to speed up.
There is an open door here.
You pummel the lich!! You punch the lich!!
The lich is heavily damaged.
The lich touches you. You partially resist.
You feel drained.
You pummel the lich like a punching bag!!!
You destroy the lich!
The ancient lich gestures at you while chanting.
The crystal spear hits you!!!!
Ouch! That really hurt!
You die...
Your body crumbles into a pile of gold.

#$#
#$#
##.##
#...#
+..Z#
##L##
#'#
#$#
#@#
#.#
#'#
#.#
#'#
#∩#
#'#
#.#
#'#


You could see an ancient lich (fast, invisible) and a ball python skeleton.

Vanquished Creatures
  An ancient lich (D)
  A curse toe (D)
  A pandemonium lord (D)
  A golden dragon (D)
  A pearl dragon (D)
  2 liches (D)
  2 deep elf blademasters (D)
  An acid blob (D)
  3 sphinxes (D)
  2 titans (D)
  Frances (D)
  A shadow dragon (D)
  A draconian knight (D)
  2 emperor scorpions (D)
  A draconian scorcher (D)
  A stone giant (D)
  3 orc warlords (D)
  A green draconian (D)
  A war gargoyle (D)
  4 deep elf demonologists (D)
  2 vampire knights (D)
  A deep elf annihilator (D)
  2 yellow draconians (D)
  A white draconian (D)
  3 blizzard demons (D)
  Snorg (D)
  2 deep elf death magi (D)
  Josephine (D)
  A green death (D)
  A fire dragon (D)
  A yaktaur captain (D)
  4 ogre magi (D)
  An ice dragon (D)
  A vault guard (D)
  An anaconda (D)
  A hydra (D)
  5 two-headed ogres (D)
  2 naga warriors (D)
  A demonic crawler (D)
  A dancing weapon (D)
  A vampire mage (D)
  4 deep elf knights (D)
  A sun demon (D)
  2 fire crabs (D)
  A shadow wraith (D)
  A skeletal warrior (D)
  A spriggan druid (D)
  A sea snake (D)
  A flayed ghost (D)
  A swamp dragon (D)
  A bog body (D)
  10 orc knights (D)
  2 wizards (D)
  A necromancer (D)
  Pikel (D)
  A lindwurm (D)
  A deep elf zephyrmancer (D)
  2 manticores (D)
  2 deep elf pyromancers (D)
  A cyclops (D)
  An ugly thing (D)
  A black mamba (D)
  2 naga magi (D)
  An orange demon (D)
  A cane toad (D)
  A rime drake (D)
  2 ice devils (D)
  A red devil (D)
  A tyrant leech (D)
  A troll (D)
  A tarantella (D)
  A hellwing (D)
  2 blink frogs (D)
  A snapping turtle (shapeshifter) (D)
  3 dream sheep (D)
  An air elemental (D)
  4 snapping turtles (D)
  A flying skull (D)
  A shadow (D)
  A spriggan (D)
  3 wraiths (D)
  3 fire elementals (D)
  A fire bat (D)
  4 yaks (D)
  A steam dragon (D)
  2 chaos spawn (D)
  A redback (D)
  6 vampire mosquitoes (D)
  A warg (D)
  2 small abominations (D)
  4 floating eyes (D)
  4 hell hounds (D)
  A wandering mushroom (D)
  An orc warrior (D)
  A sky beast (D)
  A black bear (D)
  2 centaurs (D)
  2 ogres (D)
  3 lemures (D)
  An orc priest (D)
  A gnoll bouda (D)
  An iron imp (D)
  A hell rat (D)
  A mummy (D)
  An adder (D)
  2 gnolls (D)
  A river rat (D)
  2 ufetubi (D)
  An adder zombie (D)
  2 worms (D)
  2 adder simulacra (D)
  3 orcs (D)
  3 ball pythons (D)
  A bat skeleton (D)
  2 bat zombies (D)
  A giant cockroach (D)
  A goblin (D)
  A hobgoblin (D)
  5 jackals (D)
  2 quokkas (D)
  A ball python simulacrum (D)
  A ball python zombie (D)
  A jackal zombie (D)
  A kobold (D)
  A quokka zombie (D)
211 creatures vanquished.

Vanquished Creatures (others)
  A deep elf death mage (D)
  A blink frog (D)
  An air elemental (D)
  An ufetubus (D)
  A ball python skeleton (D)
5 creatures vanquished.

Grand Total: 216 creatures vanquished

Notes
Turn   | Place    | Note
-------+----------+-------------------------------------------
     0 | D        | rocky1 the Merfolk Shapeshifter began the quest for the
                  | Orb.
     0 | D        | Reached XP level 1. HP: 15/15 MP: 1/1
    28 | D        | Found a bloodstained altar of Trog.
    28 | D        | Found a shimmering blue altar of Sif Muna.
    28 | D        | Found a viscous altar of Jiyva.
    28 | D        | Found a hazy altar of Hepliaklqana.
    28 | D        | Found an opulent altar of Gozag.
    29 | D        | Found a glowing golden altar of the Shining One.
    29 | D        | Found a glowing silver altar of Zin.
    29 | D        | Found a basalt altar of Yredelemnul.
    29 | D        | Found a shimmering altar of Xom.
    29 | D        | Found an ornate altar of the Wu Jian Council.
    29 | D        | Found a sacrificial altar of Ru.
    29 | D        | Found a stormy altar of Qazlal.
    29 | D        | Found an iron altar of Okawaru.
    29 | D        | Found a sparkling altar of Nemelex Xobeh.
    29 | D        | Found a burning altar of Makhleb.
    29 | D        | Found a blossoming altar of Fedhas.
    29 | D        | Found a white marble altar of Elyvilon.
    29 | D        | Found a shadowy altar of Dithmenos.
    29 | D        | Found a snail-covered altar of Cheibriados.
    33 | D        | Found a corrupted altar of Lugonu.
    33 | D        | Found a radiant altar of Vehumet.
    34 | D        | Found a broken altar of Ashenzari.
    34 | D        | Found an ancient bone altar of Kikubaaqudgha.
    34 | D        | Found a hide-covered altar of Uskayaw.
    36 | D        | Became a worshipper of Gozag Ym Sagoz the Greedy
    82 | D        | Reached skill level 4 in Unarmed Combat
    82 | D        | Reached skill level 5 in Shapeshifting
    82 | D        | Reached XP level 2. HP: 16/21 MP: 2/2
   125 | D        | Reached skill level 5 in Unarmed Combat
   298 | D        | Noticed a floating eye
   305 | D        | Killed a floating eye
   306 | D        | Reached skill level 8 in Unarmed Combat
   306 | D        | Reached XP level 3. HP: 26/26 MP: 3/3
   306 | D        | Reached XP level 4. HP: 32/32 MP: 4/4
   306 | D        | Reached XP level 5. HP: 37/37 MP: 5/5
   377 | D        | Noticed a warg
   377 | D        | Noticed a lemure
   377 | D        | Noticed a lemure
   377 | D        | Noticed a lemure
   378 | D        | Noticed Pikel
   378 | D        | Noticed an ogre
   380 | D        | Noticed a sky beast
   385 | D        | Killed a warg
   386 | D        | Reached skill level 5 in Dodging
   386 | D        | Reached skill level 10 in Unarmed Combat
   386 | D        | Reached XP level 6. HP: 44/44 MP: 6/6
   398 | D        | Killed a sky beast
   399 | D        | Reached skill level 11 in Unarmed Combat
   425 | D        | Killed Pikel
   426 | D        | Reached skill level 14 in Unarmed Combat
   426 | D        | Reached skill level 10 in Shapeshifting
   426 | D        | Reached XP level 7. HP: 31/51 MP: 7/7
   426 | D        | Reached XP level 8. HP: 35/57 MP: 8/8
   903 | D        | Noticed a manticore
   903 | D        | Noticed a snapping turtle
   914 | D        | HP: 4/85 [manticore (9)]
   920 | D        | Killed a manticore
   921 | D        | Reached skill level 5 in Armour
   921 | D        | Reached skill level 16 in Unarmed Combat
   926 | D        | Killed a snapping turtle
  1071 | D        | Bought a murky white potion for 30 gold pieces
  1071 | D        | Bought a warped chain mail for 323 gold pieces
  1071 | D        | Identified the +7 chain mail "Gucvav" {rPois Will+ Int+6
                  | SInv} (You bought it in a shop in the Dungeon)
  1071 | D        | Bought a scroll labelled MIUHIF XINAGE for 34 gold pieces
  1071 | D        | Bought a jewelled fluorescent wand for 136 gold pieces
  1071 | D        | Bought a scroll labelled GARURY MOYG for 34 gold pieces
  1071 | D        | Bought a scroll labelled MIUHIF XINAGE for 34 gold pieces
  1083 | D        | Noticed a troll
  1085 | D        | Paralysed by a floating eye for 2 turns
  1090 | D        | Reached XP level 9. HP: 62/62 MP: 9/9
  1092 | D        | Killed a troll
  1093 | D        | Reached skill level 17 in Unarmed Combat
  1245 | D        | Noticed a tarantella
  1245 | D        | Noticed a deep elf pyromancer
  1249 | D        | Killed a tarantella
  1265 | D        | Killed a deep elf pyromancer
  1266 | D        | Reached skill level 18 in Unarmed Combat
  1454 | D        | Noticed a rime drake
  1469 | D        | Killed a shadow wraith
  1470 | D        | Reached skill level 5 in Fighting
  1470 | D        | Reached skill level 19 in Unarmed Combat
  1470 | D        | Reached XP level 10. HP: 70/74 MP: 10/10
  1926 | D        | Noticed a deep elf zephyrmancer
  1946 | D        | Killed a deep elf zephyrmancer
  1947 | D        | Reached skill level 10 in Fighting
  2034 | D        | Noticed a sea snake
  2044 | D        | Killed a sea snake
  2189 | D        | Noticed a swamp dragon
  2207 | D        | Killed a swamp dragon
  2628 | D        | Paralysed by a floating eye for 2 turns
  2653 | D        | Noticed a two-headed ogre
  2655 | D        | Noticed a two-headed ogre
  2656 | D        | Noticed a two-headed ogre
  2661 | D        | Killed a two-headed ogre
  2662 | D        | Reached XP level 11. HP: 79/101 MP: 11/11
  2662 | D        | Noticed an ogre mage
  2664 | D        | Killed a two-headed ogre
  2665 | D        | Reached skill level 15 in Fighting
  2668 | D        | Killed a two-headed ogre
  2669 | D        | Noticed a two-headed ogre
  2674 | D        | Killed an ogre mage
  2676 | D        | Killed a two-headed ogre
  2680 | D        | Noticed a two-headed ogre
  2685 | D        | Noticed a lindwurm
  2688 | D        | Killed a two-headed ogre
  2696 | D        | Killed a lindwurm
  2893 | D        | Noticed a four-headed hydra
  2899 | D        | Killed a four-headed hydra
  3150 | D        | Noticed a cyclops
  3158 | D        | Killed a cyclops
  3159 | D        | Reached skill level 20 in Unarmed Combat
  3392 | D        | Bought a clear potion for 16 gold pieces
  3392 | D        | Bought a scroll labelled OFIECE ZO EMUK for 18 gold pieces
  3392 | D        | Bought a potion of haste for 180 gold pieces
  3392 | D        | Bought a bronze chain mail for 171 gold pieces
  3392 | D        | Identified the +2 chain mail of the Assorted Wonders {Str+7
                  | Stlth+} (You bought it in a shop in the Dungeon)
  3392 | D        | Bought an ivory wand for 72 gold pieces
  3410 | D        | Noticed a flayed ghost
  3417 | D        | Killed a flayed ghost
  3453 | D        | Noticed an emperor scorpion
  3457 | D        | Reached XP level 12. HP: 119/119 MP: 12/12
  3476 | D        | Killed an emperor scorpion
  3637 | D        | Noticed an anaconda
  3645 | D        | Killed an anaconda
  3646 | D        | Reached skill level 21 in Unarmed Combat
  3924 | D        | Noticed Josephine
  3948 | D        | Killed Josephine
  3949 | D        | Reached skill level 22 in Unarmed Combat
  4025 | D        | Found the amulet of Vitality {RegenMP++ Regen++}
  4033 | D        | Got the amulet of Kabalyo {Acrobat Dex+4}
  4156 | D        | Bought the ring of the Hare {EV+10} for 2304 gold pieces
  4156 | D        | Found the ring of the Hare {EV+10}
  4156 | D        | Bought a granite talisman for 1440 gold pieces
  4191 | D        | Noticed a demonic crawler
  4192 | D        | Noticed a naga warrior
  4193 | D        | Reached skill level 15 in Shapeshifting
  4193 | D        | Killed a demonic crawler
  4198 | D        | Noticed Snorg
  4201 | D        | Killed Snorg
  4206 | D        | Killed a naga warrior
  4207 | D        | Reached skill level 23 in Unarmed Combat
  4219 | D        | Paralysed by a naga mage for 4 turns
  4228 | D        | Noticed a fire dragon
  4239 | D        | Reached skill level 24 in Unarmed Combat
  4239 | D        | Reached XP level 13. HP: 125/125 MP: 13/13
  4242 | D        | Killed a fire dragon
  4242 | D        | Identified the ring "Raipyany" {+Blink rElec rPois Slay+3}
  4271 | D        | Reached skill level 25 in Unarmed Combat
  4280 | D        | Got Xocycwo's Grimoire of Anathema
  4303 | D        | Got the staff "Vatounimm" {rElec rF++ rC+ Ice}
  4429 | D        | Learned a level 4 spell: Manifold Assault
  4443 | D        | Noticed an emperor scorpion
  4443 | D        | Noticed a war gargoyle
  4443 | D        | Noticed a vampire knight
  4445 | D        | Paralysed by a floating eye for 4 turns
  4459 | D        | Killed an emperor scorpion
  4460 | D        | Reached skill level 1 in Spellcasting
  4460 | D        | Reached skill level 1 in Translocations
  4471 | D        | Killed a vampire knight
  4474 | D        | Killed a war gargoyle
  4476 | D        | Paralysed by a floating eye for 3 turns
  4792 | D        | Reached skill level 1 in Evocations
  4795 | D        | Noticed an orc warlord
  4795 | D        | Noticed an orc warlord
  4808 | D        | Killed an orc warlord
  4835 | D        | Noticed a yaktaur captain
  4835 | D        | Noticed a deep elf blademaster
  4838 | D        | Reached skill level 5 in Spellcasting
  4845 | D        | Killed a deep elf blademaster
  4848 | D        | Killed a yaktaur captain
  4849 | D        | Reached skill level 5 in Translocations
  4859 | D        | Reached skill level 5 in Evocations
  4862 | D        | Killed an orc warlord
  4867 | D        | Reached XP level 14. HP: 135/135 MP: 23/23
  4899 | D        | Reached skill level 26 in Unarmed Combat
  5053 | D        | Got the +2 pair of boots "Atsyat" {Rampage rElec Stlth-}
  5218 | D        | Noticed a golden dragon
  5222 | D        | Killed a golden dragon
  5226 | D        | Noticed an acid blob
  5229 | D        | Killed an acid blob
  5230 | D        | Reached skill level 10 in Dodging
  5250 | D        | Noticed a titan
  5252 | D        | Killed a titan
  5369 | D        | Bought a scroll of fog for 76 gold pieces
  5369 | D        | Bought a scroll of immolation for 76 gold pieces
  5369 | D        | Bought a scroll of enchant armour for 142 gold pieces
  5369 | D        | Bought a scroll of brand weapon for 180 gold pieces
  5371 | D        | Noticed a pearl dragon
  5377 | D        | Killed a pearl dragon
  5402 | D        | Noticed a deep elf blademaster
  5402 | D        | Noticed a yellow draconian
  5402 | D        | Noticed Cyack the pandemonium lord
  5402 | D        | Noticed a white draconian
  5402 | D        | Noticed an orc warlord
  5405 | D        | Killed an orc warlord
  5407 | D        | Paralysed by Cyack for 2 turns
  5412 | D        | Killed a white draconian
  5418 | D        | Killed a yellow draconian
  5424 | D        | Killed a deep elf blademaster
  5427 | D        | Killed Cyack the pandemonium lord
  5456 | D        | Noticed a titan
  5459 | D        | Killed a titan
  5475 | D        | Noticed a sphinx
  5478 | D        | Killed a sphinx
  5483 | D        | Noticed a curse toe
  5486 | D        | Killed a curse toe
  5490 | D        | Noticed a shadow dragon
  5498 | D        | Killed a shadow dragon
  5558 | D        | Bought a potion of mutation for 136 gold pieces
  5558 | D        | Bought a potion of lignification for 51 gold pieces
  5558 | D        | Bought a potion of might for 68 gold pieces
  5558 | D        | Bought a potion of cancellation for 136 gold pieces
  5559 | D        | Noticed Frances
  5573 | D        | Killed Frances
  5574 | D        | Reached XP level 15. HP: 145/145 MP: 28/28
  5580 | D        | Noticed a black draconian knight
  5583 | D        | Noticed a sphinx
  5601 | D        | Killed a sphinx
  5603 | D        | Reached skill level 27 in Unarmed Combat
  5603 | D        | Noticed a sphinx
  5608 | D        | Noticed a Hell Sentinel
  5608 | D        | Killed a black draconian knight
  5609 | D        | Reached skill level 10 in Spellcasting
  5613 | D        | Killed a sphinx
  5638 | D        | Noticed a Tzitzimitl
  5654 | D        | Reached skill level 10 in Translocations
  5699 | D        | Bought a potion of brilliance for 68 gold pieces
  5699 | D        | Bought a potion of brilliance for 68 gold pieces
  5701 | D        | Noticed an ancient lich
  5709 | D        | Killed an ancient lich
  5711 | D        | Noticed a red draconian scorcher
  5717 | D        | Killed a red draconian scorcher
  5825 | D        | Got the Spellbook of Voltage and Bedrock
  5835 | D        | Got Podidiv's Elucidation of Variable Position
  5837 | D        | Got the Tome of Accomplices
  5882 | D        | Learned a level 2 spell: Blink
  5885 | D        | Got the amulet "Vojix" {Faith rF++}
  5887 | D        | Got the ring of the Philosopher {rPois rCorr Dex+3}
  5889 | D        | Got the amulet "Faokoj" {RegenMP Int+7}
  5891 | D        | Got the ring "Quorenkewka" {rN+ Str+6 Int+3 Dex+3}
  5893 | D        | Got the amulet of Imucs {rElec rPois rC+ Regen+}
  5895 | D        | Got the ring "Xagumy" {Slay+5 Stlth+}
  5897 | D        | Got the ring "Wesobros" {rC+ Slay+5}
  5899 | D        | Got the ring of Focizariy {rF- rN+ rCorr Str+2 Slay+5}
  5901 | D        | Got the amulet of Temptation {Reflect Dex+2 SH+5}
  5903 | D        | Got the amulet of Abstinence {Reflect *Corrode rPois Int+7
                  | Slay+5 SH+5}
  5906 | D        | Got the amulet "Forget-Me-Not" {rC++ Regen+ Int+4}
  5908 | D        | Got the ring of Spite {*Slow rC++ Dex+3 Slay+5 Stlth+}
  5910 | D        | Got the ring of the Puckish Banana {rN+ Will+ rCorr Int+2
                  | Slay+5}
  5946 | D        | Got the ring of Vaodimae {Ice Will+ Str+4 Int+4}
  5950 | D        | Got the ring of Crawling {EV+6 Dex+7}
  5952 | D        | Got the ring of Ken Dahiu {rF+ Will+}
  5954 | D        | Got the ring "Xytzoupe" {rC+ MP-9 SInv Stlth+}
  5956 | D        | Got the ring "Qukiuzud" {rPois rN+ Dex-3 SInv Stlth+}
  5958 | D        | Got the ring of Efotil {Wiz *Slow rElec rF+++ rC+++}
  5960 | D        | Got the ring of the Giraffatuar {EV+6 Str+4}
  5962 | D        | Got the ring "Ruke High" {rElec rF+ rN+ Str+4 Int-5}
  5964 | D        | Got the ring of Heabb {rC+ rCorr Str+5 Int+6 Dex-2}
  5966 | D        | Got the ring of the Castellan {rElec rPois}
  5970 | D        | Got the ring "Duxagiem" {Contam rN+ Will+ Str+6}
  6054 | D        | Noticed a royal mummy
  6054 | D        | Noticed a lich
  6054 | D        | Noticed a lich
  6054 | D        | Noticed a royal mummy
  6054 | D        | Noticed a royal mummy
  6054 | D        | Noticed a lich
  6054 | D        | Noticed a royal mummy
  6055 | D        | Noticed an ancient lich
  6055 | D        | Noticed a bone dragon
  6055 | D        | Noticed an ancient lich
  6095 | D        | Killed a lich
  6101 | D        | Killed a lich
  6101 | D        | Killed from afar by an ancient lich

Illustrated notes

Levels and vault maps discovered:
D:        pitsprint [storerooms_1, entrance_room_1, metal_vault_2, armoury_1,
          mini_pit_1, grid_room_1, main_hall_1, silver_pit, the_coven_3,
          the_vestibule_1, steel_vault_5, golden_pit, hallway_of_sentries,
          crystal_vault_6, iron_vault_4, final_vault]

Skill      XL: |  1  2  3  4  5  6  7  8  9 10 11 12 13 14 15 |
---------------+----------------------------------------------+-----
Dodging        | 3 4 5 6 7 9 12 | 12.7
Unarmed Combat | 4 8 10 14 16 19 20 24 25 26 27 | 27.0
Shapeshifting  | 5 7 8 10 11 12 16 19 20 22 | 22.7
Armour         | 2 3 4 5 6 8 |  8.4
Fighting       | 2 5 14 19 20 21 23 | 23.2
Spellcasting   | 6 9 12 | 12.3
Translocations | 5 8 11 | 11.6
Evocations     | 5 9 |  9.1

Action                     |  1- 3 |  4- 6 |  7- 9 | 10-12 | 13-15 || total
---------------------------+-------+-------+-------+-------+-------++-------
  Melee: Unarmed           |    29 |    43 |    65 |   208 |   298 ||   643
         Punch             |       |     3 |     7 |    34 |    44 ||    88
 Invoke: Call Merchant     |       |       |     1 |     2 |     2 ||     5
         Potion Petition   |       |       |       |     2 |     3 ||     5
    Use: Potion            |       |     1 |     6 |     8 |     5 ||    20
         Scroll            |       |       |     3 |     2 |     2 ||     7
   Stab: Invisible         |       |       |     3 |    11 |     7 ||    21
         Distracted        |       |       |       |     3 |     1 ||     4
 Armour: Animal skin       |    14 |     3 |       |       |       ||    17
         Skin              |       |    15 |       |    27 |   176 ||   218
         Scale mail        |       |     5 |    16 |       |       ||    21
         Chain mail        |       |       |    31 |   116 |    56 ||   203
  Dodge: Dodged            |    25 |     7 |    27 |   111 |   257 ||   427
   Form: Statue            |       |       |       |     1 |     3 ||     4
                           |       |       |       |       |     4 ||     4

Table legend: (Time is in decaauts)
 A = Elapsed time spent in this place.
 B = Non-inter-level travel time spent in this place.
 C = Inter-level travel time spent in this place.
 D = Time resting spent in this place.
 E = Time spent auto-exploring this place.
 F = Levels seen in this place.
 G = Mean time per level.
                   A        B        C        D        E       F      G
               +--------+--------+--------+--------+--------+-----+--------+
         Total |   6129 |   6002 |    127 |   3377 |      0 |   1 | 6129.0 |
       Dungeon |   6129 |   6002 |    127 |   3377 |      0 |   1 | 6129.0 |
               +--------+--------+--------+--------+--------+-----+--------+

Top non-repeatable levels by time:
       D: 6129 daAuts
